 Dungeon Crawl Stone Soup version 0.23-a0-386-g9c9d49f623 (webtiles) character file.

564 Notair the Cudgeler (level 7, -1/61 HPs)
             Began as a Minotaur Gladiator on Oct 29, 2018.
             Slain by a killer bee (7 damage)
             ... on level 4 of the Dungeon.
             The game lasted 00:10:26 (4434 turns).

Notair the Cudgeler (Minotaur Gladiator)            Turns: 4434, Time: 00:10:28

Health: -1/61      AC:  9    Str: 19    XL:     7   Next: 10%
Magic:  6/6        EV:  8    Int:  7    God:
Gold:   150        SH:  0    Dex: 11    Spells: 6/6 levels left

rFire    . . .     SeeInvis .   a - +1 flail
rCold    . . .     Gourm    .   (no shield)
rNeg     . . .     Faith    .   A - +0 chain mail
rPois    .         Spirit   .   c - +0 hat
rElec    .         Reflect  .   (no cloak)
rCorr    .         Harm     .   (no gloves)
MR       .....                  (no boots)
Stlth    ..........             (no amulet)
HPRegen  0.20/turn              (no ring)
MPRegen  0.10/turn              (no ring)

@: lethally poisoned (-1 -> -9)
A: retaliatory headbutt, horns 2
a: no special abilities


You were on level 4 of the Dungeon.
You were not hungry.

You visited 1 branch of the dungeon, and saw 5 of its levels.

You collected 150 gold pieces.

Inventory:

Hand Weapons
 a - a +1 flail (weapon)
 l - a +0 hunting sling
 m - a +0 hunting sling
Missiles
 d - 3 throwing nets (quivered)
 i - 29 sling bullets
 w - 2 javelins
Armour
 c - a +0 hat (worn)
 p - the -2 hat of the Alchemist {rElec rPois rF+ rC+ rN+ MR+ rMut rCorr}
   (You found it on level 4 of the Dungeon)

   It protects you from fire.
   It protects you from cold.
   It insulates you from electricity.
   It protects you from poison.
   It protects you from negative energy.
   It affects your resistance to hostile enchantments.
   It provides partial protection from all sources of acid and corrosion.
   It protects you from mutation.
 A - a +0 chain mail (worn)
Jewellery
 n - an uncursed ring of fire {unknown}
 o - a +2 ring of evasion {unknown}
 u - an uncursed amulet of rage {unknown}
 y - an uncursed ring of magical power {unknown}
Wands
 E - a wand of random effects (37)
Scrolls
 b - a scroll of enchant armour {unknown}
 h - 3 scrolls of enchant weapon
 j - 2 scrolls of teleportation
 r - a scroll of amnesia {unknown}
 s - 4 scrolls of remove curse {unknown}
 t - a scroll of blinking {unknown}
 B - a scroll of magic mapping {unknown}
Potions
 e - 4 potions of curing
 g - 3 potions of might {unknown}
 k - a potion of berserk rage {unknown}
 q - 2 potions of ambrosia {unknown}
 v - a potion of cancellation {unknown}
 x - a potion of brilliance {unknown}
 z - a potion of heal wounds {unknown}
 D - a potion of degeneration {unknown}
Comestibles
 f - 10 rations
 C - 3 chunks of flesh


   Skills:
 + Level 5.1 Fighting
 * Level 7.4 Maces & Flails
 - Level 2.0 Throwing
 + Level 4.2 Armour
 - Level 3.2 Dodging


You had 6 spell levels left.
You didn't know any spells.
Your spell library was empty.

Dungeon Overview and Level Annotations

Branches:
Dungeon (5/15)
 Temple: D:4-7

Altars:
Gozag
Hepliaklqana
Makhleb
Nemelex Xobeh


Innate Abilities, Weirdness & Mutations

You reflexively headbutt those who attack you in melee.
You have a pair of horns on your head.


Message History

You feel sick. The killer bee closely misses you. The killer bee stings you.
* * * LOW HITPOINT WARNING * * *
* * * LOW HITPOINT WARNING * * *
You feel sick.
* * * LOW HITPOINT WARNING * * *
You feel sick.
* * * LOW HITPOINT WARNING * * *
You feel sick. The killer bee closely misses you. You furiously retaliate!
You headbutt the killer bee!
You feel better. The killer bee closely misses you. The killer bee stings you!
* * * LOW HITPOINT WARNING * * *
You are poisoned.
The killer bee poisons you!
You closely miss the killer bee.
The killer bee is almost dead.
You feel sick. The killer bee stings you.
* * * LOW HITPOINT WARNING * * *
You are lethally poisoned!
The killer bee poisons you! The killer bee stings you!
You die...

#.# #...# #.# #.###
#.# #.#.# #.# ##.#..
#####...##
############...##.##.
#.........#.8.8.#.#.8
##.########.._..#.#..
#..@yy#..#.8...#.#..
#####y#..##...'#.#'.
#.....#####...##
###>........⌠...
###.#####...##
###...'#.#'.
#.8...#.#..
#.._..#.#..
#.8.8.#.#.8


You could see 3 killer bees.

Vanquished Creatures
  An ogre (D:4)
  A jelly (D:5)
  2 hounds
  Jessica (D:3)
  Ijyb (D:4)
  3 worker ants (D:4)
  Robin (D:2)
  11 adders
  A shadow imp (D:4)
  4 oozes
  5 worms
  4 dart slugs (D:1)
  6 leopard geckos
  2 ball pythons
  5 giant cockroaches
  13 goblins
  6 hobgoblins
  16 jackals
  10 bats
  4 frilled lizards
  9 kobolds
  A quokka skeleton (D:4)
  A quokka zombie (D:5)
  9 rats
117 creatures vanquished.

Notes
Turn   | Place    | Note
-------+----------+-------------------------------------------
     0 | D:1      | Notair the Minotaur Gladiator began the quest for the Orb.
     0 | D:1      | Reached XP level 1. HP: 18/18 MP: 0/0
   108 | D:1      | Reached skill level 4 in Maces & Flails
   426 | D:1      | Reached XP level 2. HP: 25/25 MP: 1/1
   453 | D:1      | Reached skill level 1 in Armour
   817 | D:1      | Reached XP level 3. HP: 31/31 MP: 2/2
  1364 | D:2      | Noticed Robin
  1380 | D:1      | Reached XP level 4. HP: 10/38 MP: 3/3
  1624 | D:2      | Killed Robin
  1624 | D:2      | Reached skill level 5 in Maces & Flails
  2596 | D:2      | Reached XP level 5. HP: 45/46 MP: 4/4
  2993 | D:3      | Noticed Jessica
  3016 | D:3      | Killed Jessica
  3016 | D:3      | Reached skill level 6 in Maces & Flails
  3669 | D:4      | Reached XP level 6. HP: 49/53 MP: 5/5
  3766 | D:4      | Found the -2 hat of the Alchemist {rElec rPois rF+ rC+ rN+
                  | MR+ rMut rCorr}
  3802 | D:4      | Found an opulent altar of Gozag.
  3805 | D:4      | Found a hazy altar of Hepliaklqana.
  3808 | D:4      | Found a burning altar of Makhleb.
  3823 | D:4      | Reached skill level 7 in Maces & Flails
  4033 | D:4      | Found a sparkling altar of Nemelex Xobeh.
  4312 | D:5      | Entered Level 5 of the Dungeon
  4340 | D:5      | Reached skill level 5 in Fighting
  4361 | D:5      | Noticed Ijyb
  4377 | D:4      | Killed Ijyb
  4377 | D:4      | Reached XP level 7. HP: 51/61 MP: 6/6
  4434 | D:4      | Slain by a killer bee

Vault maps used:
D:1:      psy_arrival_statuary, serial_glass, glass_columns_b, glass_columns_b,
          glass_columns_c, glass_columns_a, glass_columns_a, serial_bayou_lake_a
D:2:      uniq_robin
D:3:      first_ration, kennysheep_generic_room_14, uniq_jessica
D:4:      grunt_temple_overflow_cloverleaf
D:5:      gammafunk_steamed_eel, grunt_qazlal_sundering, uniq_ijyb

Skill      XL: |  1  2  3  4  5  6 |
---------------+-------------------+-----
Maces & Flails | 4 5 6 7 |  7.4
Armour         | 1 2 3 4 |  4.2
Fighting       | 3 4 5 |  5.1
Throwing       | |  2.0
Dodging        | |  3.2

Action                   |  1- 3 |  4- 6 |  7- 9 || total
-------------------------+-------+-------+-------++-------
Melee: Flail             |    72 |   201 |     3 ||   276
       Headbutt          |     8 |    34 |       ||    42
  Use: Potion            |     1 |     1 |     1 ||     3
       Scroll            |       |     2 |       ||     2
 Stab: Sleeping          |     1 |       |       ||     1
  Eat: Chunk             |     2 |     9 |       ||    11
Armor: Leather armour    |    17 |     6 |       ||    23
       Scale mail        |       |    36 |       ||    36
       Chain mail        |       |    75 |    11 ||    86
Dodge: Dodged            |    72 |   151 |    13 ||   236

Table legend:
 A = Non-vault XP
 B = Vault XP
 C = Vault XP percentage of total XP
 D = Non-vault monster count
 E = Vault monster count
 F = Vault count percentage of total count
                 A         B        C        D         E       F
            +---------+---------+-------+---------+---------+-------
      Total |     704 |     102 |  12.7 |     106 |      11 |   9.4
            +---------+---------+-------+---------+---------+-------
        D:1 |      57 |       2 |   3.4 |      25 |       1 |   3.8
        D:2 |     113 |      26 |  18.7 |      31 |       7 |  18.4
        D:3 |     133 |      38 |  22.2 |      31 |       2 |   6.1
        D:4 |     308 |      36 |  10.5 |      13 |       1 |   7.1
        D:5 |      93 |       0 |   0.0 |       6 |       0 |   0.0
            +---------+---------+-------+---------+---------+-------
